 Dungeon Crawl Stone Soup version 0.26-a0-597-gb535b0901c (webtiles) character file.

Game seed: 8344463897321506560

571 Ge0ff the Poker (level 7, 0/57 HPs)
             Began as a Black Draconian Abyssal Knight on Aug 26, 2020.
             Was a Priest of Lugonu.
             Slain by an ooze (1 damage)
             ... while paralysed by you
             ... on level 5 of the Dungeon.
             The game lasted 00:06:07 (4347 turns).

Ge0ff the Poker (Black Draconian Abyssal Knight)    Turns: 4347, Time: 00:06:08

Health: 0/57       AC:  6    Str: 14    XL:     7   Next: 11%
Magic:  8/8        EV:  2    Int: 13    God:    Lugonu [***...]
Gold:   96         SH:  0    Dex: 12    Spells: 6/6 levels left

rFire    . . .     SeeInvis .   a - +2 spear (flame)
rCold    . . .     Faith    .   e - +0 buckler
rNeg     . . .     Spirit   .   (armour unavailable)
rPois    .         Reflect  .   (helmet restricted)
rElec    +         Harm     .   (no cloak)
rCorr    .                      (no gloves)
MR       .....                  (no boots)
Stlth    +.........             (no amulet)
HPRegen  0.19/turn              (no ring)
MPRegen  0.11/turn              (no ring)

@: paralysed, lethally poisoned (0 -> -2), slightly contaminated, slowed,
lightly drained, invisible (expiring)
A: breathe lightning, unfitting armour, electricity resistance, cold-blooded, AC
+6
a: Breathe Lightning, Depart the Abyss, Bend Space, Banish, Renounce Religion


You were on level 5 of the Dungeon.
You worshipped Lugonu.
Lugonu was most pleased with you.
You visited 2 branches of the dungeon, and saw 6 of its levels.
You visited the Abyss 1 time.

You collected 96 gold pieces.

Inventory:

Hand Weapons
 a - a +2 spear of flaming (weapon)
 d - a +1 spear
Missiles
 b - 73 sling bullets
 y - 18 poisoned darts (quivered)
 E - 79 stones
 I - 3 boomerangs
Armour
 e - a +0 buckler (worn)
Jewellery
 g - a cursed -4 ring of dexterity {unknown}
 k - a +4 ring of protection {unknown}
Wands
 x - a wand of random effects (3)
 P - a wand of polymorph (7)
Scrolls
 h - a scroll of blinking {unknown}
 i - 3 scrolls of noise {unknown}
 j - 3 scrolls of identify {unknown}
 l - 5 scrolls of remove curse {unknown}
 B - a scroll of fear {unknown}
 D - 3 scrolls of amnesia {unknown}
 F - 2 scrolls of teleportation {unknown}
 H - a scroll of immolation {unknown}
Potions
 c - a potion of degeneration {unknown}
 m - 2 potions of curing {unknown}
 n - 2 potions of lignification {unknown}
 z - a potion of flight {unknown}
 A - a potion of invisibility {unknown}
 C - a potion of cancellation {unknown}
 G - a potion of stabbing {unknown}
 Q - a potion of brilliance {unknown}


   Skills:
 - Level 3.2(2.8) Fighting
 + Level 7.8(7.2) Polearms
 - Level 2.1(1.6) Dodging
 - Level 1.0(0.5) Shields
 - Level 2.0(1.5) Invocations


You had 6 spell levels left.
You didn't know any spells.
Your spell library was empty.

Dungeon Overview and Level Annotations

Branches:
Dungeon (5/15)             Temple (1/1) D:4

Altars:
Cheibriados
Dithmenos
Elyvilon
Kikubaaqudgha
Zin


Innate Abilities, Weirdness & Mutations

You can breathe wild blasts of lightning.
Your glossy black scales are hard. (AC +6)
You cannot fit into any form of body armour.
You are resistant to electric shocks. (rElec)
You are cold-blooded and may be slowed by cold attacks.


Message History

Press: ? - help, Shift-Dir - straight line You can't see that place. [the floor.]
You can't see that place.
Okay, then.
An ooze is nearby!
Evoke which item? (* to show all) (? for menu, Esc to quit)
Press: ? - help, Shift-Dir - straight line, f - you That beam is likely to hit you.
Continue anyway?
You suddenly lose the ability to move!
You feel sick.
The ooze jiggles.
The ooze hits you.
* * * LOW HITPOINT WARNING * * *
You flicker for a moment.
The ooze barely misses you. The ooze hits you.
* * * LOW HITPOINT WARNING * * *
The ooze hits you.
You die...

#########
######.>...(oo
#........((.#
##.####.#
#......)####.#
#..###.@[....#
##.#.##J#######
#.###.#.#
###.#..#.#
#........#
#.#<.....#
#.###...## #
...# ...#


You could see an ooze.

Vanquished Creatures
  A phantom (D:4)
  A howler monkey (D:3)
  2 orc priests (D:5)
  A gnoll shaman (D:4)
  Terence (D:2)
  Natasha (thrice) (D:2)
  An orc wizard (D:4)
  Robin (D:4)
  8 gnolls
  4 adders
  5 worms
  An adder skeleton (D:4)
  3 leopard geckos
  4 orcs
  5 giant cockroaches
  17 goblins
  7 hobgoblins
  9 jackals
  6 kobolds
  2 quokkas
  2 ball pythons
  5 bats
  4 frilled lizards
  8 rats
101 creatures vanquished.

Vanquished Creatures (others)
  6 plants (D:2)
6 creatures vanquished.

Grand Total: 107 creatures vanquished

Notes
Turn   | Place    | Note
-------+----------+-------------------------------------------
     0 | Abyss:1  | Ge0ff the Draconian Abyssal Knight began the quest for the
                  | Orb.
     0 | Abyss:1  | Reached XP level 1. HP: 19/19 MP: 2/2
    32 | Abyss:1  | Noticed a small abomination
    60 | Abyss:1  | Noticed a thrashing horror
    63 | D:1      | Escaped the Abyss
   144 | D:1      | Reached * piety under Lugonu
   280 | D:1      | Reached XP level 2. HP: 25/26 MP: 3/3
   532 | D:1      | Reached skill level 3 in Polearms
   673 | D:2      | Reached XP level 3. HP: 22/31 MP: 4/4
   940 | D:2      | Noticed Natasha
   945 | D:2      | Killed Natasha
   945 | D:2      | Reached skill level 4 in Polearms
  1000 | D:2      | Found an ancient bone altar of Kikubaaqudgha.
  1003 | D:2      | Found a glowing silver altar of Zin.
  1006 | D:2      | Found a white marble altar of Elyvilon.
  1149 | D:2      | Reached XP level 4. HP: 38/38 MP: 5/5
  1188 | D:2      | Noticed Natasha
  1210 | D:2      | Killed Natasha
  2005 | D:2      | Noticed Natasha
  2013 | D:2      | Killed Natasha
  2013 | D:2      | Reached skill level 5 in Polearms
  2013 | D:2      | Reached XP level 5. HP: 42/45 MP: 6/6
  2162 | D:2      | Noticed Terence
  2176 | D:2      | Killed Terence
  2534 | D:3      | Reached ** piety under Lugonu
  2599 | D:3      | Reached skill level 1 in Shields
  2608 | D:3      | Found a snail-covered altar of Cheibriados.
  2693 | D:3      | Reached skill level 6 in Polearms
  3102 | D:3      | Reached XP level 6. HP: 51/51 MP: 7/7
  3395 | D:4      | Found a staircase to the Ecumenical Temple.
  3421 | Temple   | Entered the Ecumenical Temple
  3776 | D:4      | Reached skill level 7 in Polearms
  3872 | D:4      | Found a shadowy altar of Dithmenos.
  3915 | D:4      | Noticed Robin
  3916 | D:4      | Reached *** piety under Lugonu
  3930 | D:4      | Killed Robin
  4285 | D:5      | Entered Level 5 of the Dungeon
  4323 | D:5      | Your scales start taking on a glossy black colour.
  4323 | D:5      | Reached XP level 7. HP: 53/57 MP: 8/8
  4323 | D:5      | Gained mutation: You are resistant to electric shocks.
                  | (rElec) [Black Draconian growth]
  4326 | D:5      | Paralysed by you for 5 turns
  4337 | D:5      | Paralysed by you for 3 turns
  4343 | D:5      | Paralysed by you for 5 turns
  4344 | D:5      | HP: 2/57 [poisoned by you (bolt of poison)]
  4347 | D:5      | Slain by an ooze

Illustrated notes

Levels and vault maps discovered:
D:1:      moated_graveyard_arrival, layout_rooms, serial_bayou_crossing
D:2:      cheibrodos_old_hovel, layout_basic, grunt_temple_overflow_diamond,
          minmay_misc_feat_pillars, uniq_natasha, uniq_terence
D:3:      layout_basic, lemuel_crystal_altar
D:4:      layout_loops_ring, marbit_many_paths, minmay_temple_entry_overgrown,
          uniq_robin
D:5:      layout_loops_cross, nicolae_qazlal_eye_of_the_storm, uniq_sigmund
Temple:   jpeg_temple_island

Skill      XL: |  1  2  3  4  5  6 |
---------------+-------------------+-----
Polearms       | 3 4 5 6 7 |  7.8
Shields        | 1 |  1.0
Fighting       | |  3.2
Dodging        | |  2.1
Invocations    | |  2.0

Action                   |  1- 3 |  4- 6 |  7- 9 || total
-------------------------+-------+-------+-------++-------
Melee: Spear             |    62 |   230 |       ||   292
       Tailslap          |     4 |    14 |       ||    18
Throw: Stone             |    19 |    86 |       ||   105
       Dart              |       |    33 |       ||    33
Invok: Depart the Abyss  |     1 |       |       ||     1
 Abil: Breathe Lightning |       |       |     1 ||     1
Evoke: Wand              |       |       |    13 ||    13
 Stab: Sleeping          |     2 |       |       ||     2
Armor: Skin              |    12 |    19 |       ||    31
Dodge: Dodged            |    25 |    39 |     1 ||    65
Block: Buckler           |     7 |     8 |       ||    15

Table legend: (Time is in decaauts)
 A = Elapsed time spent in this place.
 B = Non-inter-level travel time spent in this place.
 C = Inter-level travel time spent in this place.
 D = Time resting spent in this place.
 E = Time spent auto-exploring this place.
 F = Levels seen in this place.
 G = Mean time per level.
                   A        B        C        D        E       F      G
               +--------+--------+--------+--------+--------+-----+--------+
         Total |   4326 |   4216 |    110 |      0 |   3301 |   7 |  618.0 |
       Dungeon |   4262 |   4152 |    110 |      0 |   3301 |   5 |  852.4 |
        Temple |      1 |      1 |      0 |      0 |      0 |   1 |    1.0 |
         Abyss |     63 |     63 |      0 |      0 |      0 |   1 |   63.0 |
               +--------+--------+--------+--------+--------+-----+--------+

Top non-repeatable levels by time:
     D:2: 1806 daAuts
     D:3: 944 daAuts
     D:4: 942 daAuts
     D:1: 507 daAuts
 Abyss:1: 63 daAuts
     D:5: 62 daAuts
  Temple: 1 daAuts
